 Dungeon Crawl Stone Soup version 0.26-a0-812-g31a745ddcd (webtiles) character file.

Game seed: 4823936182220595640

155 mkm the Digger (level 5, -2/28 HPs)
             Began as a Gargoyle Earth Elementalist on Dec 10, 2020.
             Shot with a bolt by a big kobold (3 damage)
             ... in a sewer.
             The game lasted 00:09:57 (2850 turns).

mkm the Digger (Gargoyle Earth Elementalist)        Turns: 2850, Time: 00:09:58

Health: -2/28      AC:  8    Str: 12    XL:     5   Next: 37%
Magic:  0/10       EV: 12    Int: 16    God:
Gold:   108        SH:  0    Dex: 10    Spells: 1/10 levels left

rFire    . . .     SeeInvis .   e - +0 dagger
rCold    . . .     Faith    .   (no shield)
rNeg     + . .     Spirit   .   r - +0 robe
rPois    ∞         Reflect  .   o - +0 helmet
rElec    +         Harm     .   (no cloak)
rCorr    .         Rampage  .   (no gloves)
MR       .....                  a - +0 pair of boots
Stlth    +.........             (no amulet)
HPRegen  0.09/turn              (no ring)
MPRegen  0.12/turn              (no ring)

@: very slow
A: negative energy resistance 1, electricity resistance, unbreathing,
petrification resistance, rot immunity, AC +4
a: no special abilities


You were in a sewer.
You visited 1 branch of the dungeon, and saw 3 of its levels.
You also visited: Sewer.

You collected 108 gold pieces.

Inventory:

Hand Weapons
 e - a +0 dagger (weapon)
Missiles
 b - 71 stones (quivered)
Armour
 a - a +0 pair of boots (worn)
 o - a +0 helmet (worn)
 r - a +0 robe (worn)
Scrolls
 d - 2 scrolls of teleportation
 f - a scroll of enchant weapon {unknown}
 g - a scroll of amnesia {unknown}
 i - a scroll of remove curse
 k - a scroll of random uselessness {unknown}
 m - a scroll of identify
 q - 2 scrolls of immolation {unknown}
Potions
 h - 3 potions of flight
 j - a potion of curing {unknown}
 l - a potion of attraction {unknown}
 n - a potion of mutation {unknown}
 p - a potion of magic {unknown}


   Skills:
 - Level 1.5 Dodging
 - Level 2.1 Stealth
 + Level 3.4 Spellcasting
 * Level 3.0 Conjurations
   Level 0.7 Transmutations
 + Level 4.7 Earth Magic


You had one spell level left.
You knew the following spells:

 Your Spells              Type           Power        Failure   Level
a - Sandblast             Erth           ###...       2%          1
b - Stone Arrow           Conj/Erth      ###...       11%         3
c - Lee's Rapid Deconstr  Erth           ###.......   56%         5

Your spell library contained the following spells:

 Spells                   Type           Power        Failure   Level
 Passwall                 Tmut/Erth      ##......     9%          2
 Petrify                  Tmut/Erth      ##......     50%         4


Dungeon Overview and Level Annotations

Branches:
Dungeon (3/15)              Sewer (1/1)

Altars:
Zin


Innate Abilities, Weirdness & Mutations

You are resistant to torment.
Your stone body is resilient. (AC +4)
You are immune to poison.
You resist negative energy. (rN+)
You are resistant to electric shocks. (rElec)
You can survive without breathing.
You are immune to petrification.
You are immune to rotting.


Message History

Confirm with . or Enter, or press ? or * to list all spells.
You can't see any susceptible monsters within range! (Use Z to cast anyway.)
The big kobold shoots a bolt.
The bolt hits you.
* * * LOW HITPOINT WARNING * * *
The bolt burns you.
* * * LOW HITPOINT WARNING * * *
You hear a splash.
You see here 2 bolts.
Casting: Sandblast (safe; 2% risk of failure)
Confirm with . or Enter, or press ? or * to list all spells.
Aiming: Sandblast (safe; 2% risk of failure)
Press: ? - help, Shift-Dir - straight line, f/p - big kobold
Aim: a big kobold, wielding a +1 hand crossbow of flaming and quivering 8 bolts (severely wounded)
The blast of sand hits the big kobold.
The big kobold is almost dead.
b - 71 stones The big kobold shoots a bolt.
The bolt barely misses you.
You hear a splash.
The big kobold shoots a bolt.
The bolt hits you.
You die...

##≈≈≈## #.≈≈≈.# #.≈≈≈.## #.≈≈≈..∩
#.≈≈≈.## #.≈≈≈.# ##.≈≈≈.##
#########################≈.≈≈≈≈.#
.††...≈≈≈≈≈≈≈(((@((†KKKK(≈≈≈≈≈..#
#########################≈.≈≈≈≈.#
#..≈≈≈≈.# #.≈≈≈≈≈.# #≈≈≈≈≈≈.#
#.≈≈≈≈≈≈# #≈≈≈≈≈≈.# #..≈≈≈≈.#
#....≈..#


You could see a big kobold and 3 kobolds.

Vanquished Creatures
  A scorpion (D:2)
  A gnoll (D:1)
  3 adders (D:2)
  An ooze (D:1)
  A worm (D:3)
  2 leopard geckos (D:2)
  5 giant cockroaches
  7 goblins
  2 hobgoblins
  2 jackals (Sewer)
  3 ball pythons
  7 bats
  2 frilled lizards (D:2)
  12 kobolds
  11 rats
60 creatures vanquished.

Notes
Turn   | Place    | Note
-------+----------+-------------------------------------------
     0 | D:1      | mkm the Gargoyle Earth Elementalist began the quest for the
                  | Orb.
     0 | D:1      | Reached XP level 1. HP: 10/10 MP: 3/3
    32 | D:1      | Reached XP level 2. HP: 14/15 MP: 0/5
   205 | D:1      | Reached skill level 4 in Earth Magic
   560 | D:1      | Reached XP level 3. HP: 19/19 MP: 5/7
   565 | D:1      | Learned a level 3 spell: Stone Arrow
   975 | D:1      | Reached skill level 1 in Conjurations
  1237 | D:2      | Reached XP level 4. HP: 19/24 MP: 8/8
  1851 | D:2      | Reached XP level 5. HP: 28/28 MP: 0/10
  1858 | D:2      | Learned a level 5 spell: Lee's Rapid Deconstruction
  2105 | D:2      | Found a glowing silver altar of Zin.
  2733 | D:3      | Found a glowing drain.
  2749 | Sewer    | Entered a sewer
  2819 | Sewer    | Noticed a big kobold
  2848 | Sewer    | HP: 1/28 [big kobold/bolt (1)]
  2850 | Sewer    | Shot with a bolt by a big kobold

Illustrated notes

Levels and vault maps discovered:
D:1:      dpeg_arrival_refuge, layout_basic, chequers_serial_rivers_room_b
D:2:      layout_rooms, zin_scriptorium, kennysheep_potato
D:3:      layout_loops_cross, nicolae_ashenzari_panopticon,
          cheibrodos_sewer_entry_sluice, serial_bayou_pond_a
Sewer:    sewer_kobolds

Skill      XL: |  1  2  3  4  5 |
---------------+----------------+-----
Earth Magic    | 4 |  4.7
Spellcasting   | 3 |  3.4
Conjurations   | 1 2 3 |  3.0
Dodging        | |  1.5
Stealth        | |  2.1
Transmutations | |  0.7

Action                   |  1- 3 |  4- 6 || total
-------------------------+-------+-------++-------
Melee: Dagger            |    80 |    29 ||   109
       Unarmed           |     2 |       ||     2
 Cast: Sandblast         |    31 |    23 ||    54
       Stone Arrow       |       |    18 ||    18
  Use: Scroll            |       |     3 ||     3
 Stab: Sleeping          |       |     2 ||     2
Armor: Robe              |    41 |    24 ||    65
Dodge: Dodged            |    71 |    41 ||   112

Table legend: (Time is in decaauts)
 A = Elapsed time spent in this place.
 B = Non-inter-level travel time spent in this place.
 C = Inter-level travel time spent in this place.
 D = Time resting spent in this place.
 E = Time spent auto-exploring this place.
 F = Levels seen in this place.
 G = Mean time per level.
                   A        B        C        D        E       F      G
               +--------+--------+--------+--------+--------+-----+--------+
         Total |   2875 |   2831 |     44 |    816 |   1381 |   4 |  718.8 |
       Dungeon |   2751 |   2707 |     44 |    816 |   1329 |   3 |  917.0 |
         Sewer |    124 |    124 |      0 |      0 |     52 |   1 |  124.0 |
               +--------+--------+--------+--------+--------+-----+--------+

Top non-repeatable levels by time:
     D:2: 1541 daAuts
     D:1: 1152 daAuts
   Sewer: 124 daAuts
     D:3: 57 daAuts
